 Dungeon Crawl Stone Soup version 0.26.1-2-gb8aa6d0cf2 (webtiles) character file.

Game seed: 571056581707031737

3054 Marvel the Grappler (level 9, -5/84 HPs)
             Began as a Troll Monk on Feb 13, 2021.
             Was an Elder of Okawaru.
             Slain by a killer bee (8 damage)
             ... on level 7 of the Dungeon.
             The game lasted 00:06:32 (4802 turns).

Marvel the Grappler (Troll Monk)                    Turns: 4802, Time: 00:06:32

Health: -5/84      AC:  6    Str: 30    XL:     9   Next: 57%
Magic:  8/8        EV: 15    Int:  6    God:    Okawaru [****..]
Gold:   397        SH:  0    Dex: 12    Spells: 8/8 levels left

rFire    . . .     SeeInvis .     - Unarmed
rCold    . . .     Faith    .   (no shield)
rNeg     . . .     Spirit   .   a - +0 robe
rPois    .         Reflect  .   (helmet restricted)
rElec    .         Harm     .   (no cloak)
rCorr    .         Rampage  .   (gloves unavailable)
Will     .....                  (boots unavailable)
Stlth    ++++......             m - amulet of magic regeneration (curse)
HPRegen  0.64/turn              x - +6 ring of strength
MPRegen  0.36/turn              (no ring)

@: heroism
A: large, unfitting armour, claws 3, regeneration 1, shaggy fur 1, tough skin 3
a: Renounce Religion, Heroism


You were on level 7 of the Dungeon.
You worshipped Okawaru.
Okawaru was greatly pleased with you.
You visited 2 branches of the dungeon, and saw 8 of its levels.

You collected 397 gold pieces.

Inventory:

Hand Weapons
 y - a cursed +5 battleaxe
Armour
 a - a +0 robe (worn)
Jewellery
 m - a cursed amulet of magic regeneration (around neck)
 u - an uncursed ring of fire {unknown}
 x - a +6 ring of strength (left claw)
Wands
 g - a wand of paralysis (6)
 o - a wand of random effects (18)
 s - a wand of iceblast (6)
Scrolls
 c - 12 scrolls of identify {unknown}
 e - 6 scrolls of teleportation {unknown}
 h - 2 scrolls of enchant weapon {unknown}
 i - a scroll of fog {unknown}
 j - 3 scrolls of enchant armour {unknown}
 n - a scroll of blinking {unknown}
 p - a scroll of fear {unknown}
 v - a scroll of random uselessness {unknown}
 B - a scroll of holy word {unknown}
Potions
 b - a potion of berserk rage
 d - 2 potions of curing
 f - 2 potions of might {unknown}
 k - a potion of brilliance {unknown}
 l - a potion of cancellation {unknown}
 q - 2 potions of flight {unknown}
 r - a potion of haste {unknown}
 t - a potion of heal wounds {unknown}
 w - a potion of mutation {unknown}
 z - a potion of lignification {unknown}
 A - 2 potions of magic {unknown}


   Skills:
 + Level 4.0(9.0) Fighting
 + Level 5.2(10.2) Dodging
 + Level 3.2(8.2) Stealth
 + Level 10.7(15.7) Unarmed Combat


You had 8 spell levels left.
You didn't know any spells.
Your spell library was empty.

Dungeon Overview and Level Annotations

Branches:
Dungeon (7/15)             Temple (1/1) D:5

Altars:
Ashenzari
Dithmenos
Fedhas
Kikubaaqudgha
Makhleb
Nemelex Xobeh
Okawaru
Ru
Sif Muna
Trog
Uskayaw
Vehumet
Wu Jian
Yredelemnul
Zin
The Shining One

Shops:
D:6 }


Innate Abilities, Weirdness & Mutations

You are too large for most types of armour.
You have claws for hands.
Your natural rate of healing is unusually fast.
You are covered in fur. (AC +1)
You have extremely tough skin. (AC +3)


Message History

* * * LOW HITPOINT WARNING * * *
You scratch the killer bee but do no damage.
You feel sick. The killer bee stings you.
* * * LOW HITPOINT WARNING * * *
You are more poisoned.
The killer bee poisons you! The killer bee closely misses you.
The killer bee stings you but does no damage.
The killer bee barely misses you. The killer bee stings you.
* * * LOW HITPOINT WARNING * * *
The killer bee barely misses you.
You feel better. The killer bee barely misses you.
The killer bee stings you but does no damage. x2
The killer bee stings you.
* * * LOW HITPOINT WARNING * * *
The killer bee misses you.
The killer bee stings you but does no damage.
The killer bee stings you.
* * * LOW HITPOINT WARNING * * *
The killer bee stings you!
You die... .##... .. so....

#.... ... .....
.#=..+## ...( #...#.
.#...##.... #
...###..........
#!#.###)#!#..........
#'.h[(.(##....<.....
#...#####(..#yyy......
... #....y@†# .
#.......#
#.÷)....#####+#
#÷..#..........
+.....+##...........
#..... #...........
#.....###...........
..#...#...#..........
...........†).##.....


You could see 4 killer bees.

Vanquished Creatures
  Grinder (D:6)
  Eustachio (D:6)
  Duvessa (D:5)
  An ice beast (D:7)
  An orc warrior (D:6)
  2 sky beasts (D:5)
  4 ogres
  2 centaurs
  4 bullfrogs
  Dowan (D:5)
  3 scorpions
  2 killer bees (D:7)
  5 howler monkeys
  A vampire bat (D:3)
  3 wights (D:6)
  A centaur zombie (D:6)
  3 hounds
  A jelly (D:5)
  5 orc priests
  A bullfrog skeleton (D:4)
  Ijyb (D:5)
  4 orc wizards
  3 worker ants
  A killer bee zombie (D:6)
  A worker ant zombie (D:6)
  5 gnolls
  8 adders
  2 shadow imps
  An ufetubus (D:7)
  2 oozes
  2 adder skeletons
  3 worms
  A dart slug (D:1)
  4 leopard geckos
  22 orcs
  4 ball pythons
  5 giant cockroaches
  7 hobgoblins
  4 jackals
  4 quokkas
  10 bats
  5 frilled lizards
  5 goblins
  7 kobolds
  2 rats (D:2)
156 creatures vanquished.

Notes
Turn   | Place    | Note
-------+----------+-------------------------------------------
     0 | D:1      | Marvel the Troll Monk began the quest for the Orb.
     0 | D:1      | Reached XP level 1. HP: 22/22 MP: 0/0
   184 | D:1      | Reached XP level 2. HP: 29/29 MP: 1/1
   708 | D:2      | Reached XP level 3. HP: 31/36 MP: 2/2
   858 | D:2      | Reached XP level 4. HP: 45/45 MP: 3/3
  1067 | D:2      | Reached skill level 4 in Unarmed Combat
  1323 | D:3      | Reached XP level 5. HP: 53/53 MP: 4/4
  1550 | D:3      | Reached skill level 5 in Unarmed Combat
  1661 | D:3      | Found a shadowy altar of Dithmenos.
  1876 | D:4      | Found an ancient bone altar of Kikubaaqudgha.
  1876 | D:4      | Found a burning altar of Makhleb.
  1876 | D:4      | Found a hide-covered altar of Uskayaw.
  1876 | D:4      | Found a radiant altar of Vehumet.
  1888 | D:4      | Reached XP level 6. HP: 54/61 MP: 5/5
  2098 | D:4      | Reached skill level 6 in Unarmed Combat
  2284 | D:4      | Reached XP level 7. HP: 67/67 MP: 6/6
  2573 | D:5      | Entered Level 5 of the Dungeon
  2682 | D:5      | Noticed Ijyb
  2697 | D:5      | Killed Ijyb
  2765 | D:5      | Noticed Duvessa
  2769 | D:5      | Noticed Dowan
  2774 | D:5      | Killed Duvessa
  2775 | D:5      | Reached skill level 7 in Unarmed Combat
  2777 | D:5      | Killed Dowan
  2964 | D:5      | Reached XP level 8. HP: 26/75 MP: 7/7
  3071 | D:5      | Found a staircase to the Ecumenical Temple.
  3102 | Temple   | Entered the Ecumenical Temple
  3153 | Temple   | Became a worshipper of Warmaster Okawaru
  3153 | Temple   | Reached * piety under Okawaru
  3153 | Temple   | Reached ** piety under Okawaru
  3322 | D:5      | Reached skill level 8 in Unarmed Combat
  3954 | D:6      | Reached skill level 9 in Unarmed Combat
  4080 | D:6      | Noticed Eustachio
  4089 | D:6      | Killed Eustachio
  4102 | D:6      | Reached *** piety under Okawaru
  4109 | D:6      | Reached XP level 9. HP: 79/84 MP: 8/8
  4122 | D:6      | Noticed Grinder
  4136 | D:6      | Killed Grinder
  4266 | D:6      | Found Wugro's Gadget Shoppe.
  4488 | D:7      | Reached skill level 10 in Unarmed Combat
  4509 | D:7      | Reached skill level 5 in Dodging
  4536 | D:6      | HP: 4/84 [worker ant (5)]
  4538 | D:6      | Reached **** piety under Okawaru
  4801 | D:7      | HP: 2/84 [killer bee (6)]
  4802 | D:7      | Slain by a killer bee

Illustrated notes

Levels and vault maps discovered:
D:1:      lightli_arrival_isolated_outpost, layout_loops_ring
D:2:      layout_loops_ring, minmay_misc_feat_more_columns, minmay_tall_x
D:3:      layout_rooms, grunt_dithmenos_smoke, roderic_batcave
D:4:      kennysheep_big_flooded_room, layout_loops_ring,
          chequers_temple_overflow_statue_of_worship
D:5:      layout_basic, minmay_temple_entry_antechambers, uniq_duvessa,
          uniq_ijyb
D:6:      layout_cave_pools, serial_shops, shop, uniq_eustachio, uniq_grinder
D:7:      layout_gridville, serial_park_tiny_1,
          minmay_fractal_squares_diagonal_5, uniq_maggie
Temple:   regret_index_temple_waves

Skill      XL: |  1  2  3  4  5  6  7  8  9 |
---------------+----------------------------+-----
Fighting       | 3 4 |  4.0
Unarmed Combat | 4 5 6 7 9 10 | 10.7
Dodging        | 3 4 5 |  5.2
Stealth        | 2 3 |  3.2

Action                   |  1- 3 |  4- 6 |  7- 9 || total
-------------------------+-------+-------+-------++-------
Melee: Unarmed           |    60 |   136 |   250 ||   446
       Punch             |     3 |     2 |     6 ||    11
Invok: Heroism           |       |       |     2 ||     2
  Use: Potion            |       |       |     2 ||     2
 Stab: Sleeping          |     4 |     4 |     7 ||    15
Armor: Robe              |    16 |    71 |    67 ||   154
Dodge: Dodged            |    23 |   126 |   191 ||   340
